 Dungeon Crawl Stone Soup version 0.20-a0-640-g62ed22f (webtiles) character file.

1520 polly the Cudgeler (level 8, 0/50 HPs)
             Began as a Gargoyle Fighter on Feb 12, 2017.
             Slain by polly's ghost (11 damage)
             ... on level 6 of the Dungeon.
             The game lasted 00:06:30 (5034 turns).

polly the Cudgeler (Gargoyle Fighter)               Turns: 5034, Time: 00:06:30

Health: 0/50       AC: 12    Str: 21      XL:     8   Next: 84%
Magic:  0/8        EV:  8    Int: 14      God:
Gold:   323        SH:  9    Dex:  6 (10) Spells: 7/7 levels left

rFire    . . .     SeeInvis .   a - +0 flail
rCold    . . .     Gourm    .   b - +0 scale mail
rNeg     + . .     Faith    .   c - +0 shield
rPois    ∞         Spirit   +   (no helmet)
rElec    +         Reflect  .   B - scarf {Spirit}
rCorr    .         Harm     .   (no gloves)
MR       .....                  (no boots)
Stlth    ..........             (no amulet)
Regen    0.2/turn               (no ring)
MPRegen  0.2/turn               (no ring)

@: brilliant, very slightly contaminated, hasted, very quick
A: negative energy resistance 1, electricity resistance, unbreathing,
petrification resistance, rot immunity, AC +5
a: no special abilities


You were on level 6 of the Dungeon.
You were hungry.

You visited 1 branch of the dungeon, and saw 6 of its levels.

You collected 323 gold pieces.

Inventory:

Hand Weapons
 a - a +0 flail (weapon)
Armour
 b - a +0 scale mail (worn)
 c - a +0 shield (worn)
 B - a scarf of spirit shield (worn)
Jewellery
 E - an uncursed ring of protection from fire {unknown}
 G - an uncursed amulet of magic regeneration {unknown}
Wands
 x - a wand of flame (20/48)
 y - a wand of flame (26/48)
 z - a wand of flame (29/48)
 H - a wand of lightning (8/15)
 J - a wand of acid (5/15)
Scrolls
 e - 8 scrolls of identify {unknown}
 h - a scroll of enchant weapon {unknown}
 j - 5 scrolls of remove curse {unknown}
 q - a scroll of random uselessness {unknown}
 s - a scroll of magic mapping {unknown}
 t - a scroll of fear {unknown}
 C - a scroll of recharging {unknown}
 D - a scroll of blinking {unknown}
 F - 2 scrolls of immolation {unknown}
 I - a scroll of silence {unknown}
Potions
 d - a potion of might
 k - a potion of invisibility {unknown}
 m - a potion of brilliance
 o - 3 potions of heal wounds {unknown}
 p - 2 potions of ambrosia {unknown}
 r - a potion of mutation {unknown}
 u - a potion of haste
 v - 2 potions of lignification {unknown}
 w - a potion of agility {unknown}
 A - a potion of cancellation {unknown}
Comestibles
 f - 4 bread rations
 g - 15 fruits
 l - 2 royal jellies
 n - 3 meat rations
 K - 3 chunks of flesh


   Skills:
 + Level 5.5 Fighting
 + Level 6.8 Maces & Flails
 + Level 6.0 Armour
 + Level 2.7 Dodging
 - Level 1.0 Stealth
 + Level 5.7 Shields


You had 7 spell levels left.
You didn't know any spells.

Dungeon Overview and Level Annotations

Branches:
Dungeon (6/15)
 Temple: D:4-7

Altars:
Ashenzari
Cheibriados
Fedhas
Hepliaklqana
Kikubaaqudgha
Nemelex Xobeh
Ru
The Shining One

Shops:
D:5 %

Annotations:
D:6 polly's ghost, novice GrFi


Innate Abilities, Weirdness & Mutations

You are resistant to torment.
Your stone body is resilient. (AC +5)
You are immune to poison.
You resist negative energy. (rN+)
You are resistant to electric shocks. (rElec)
You can survive without breathing.
You are immune to petrification.
You are immune to rotting.


Message History

Polly's ghost is severely damaged.
You block polly's ghost's attack.
You barely miss polly's ghost.
Polly's ghost is severely damaged.
It was a potion of brilliance.
You feel clever all of a sudden. Polly's ghost barely misses you.
You hit polly's ghost but do no damage.
Polly's ghost is severely damaged.
Polly's ghost hits you.
* * * LOW HITPOINT WARNING * * *
You sock polly's ghost!
Polly's ghost is almost destroyed.
You block polly's ghost's attack.
You hit polly's ghost but do no damage.
Polly's ghost is almost destroyed.
You barely miss polly's ghost.
Polly's ghost is almost destroyed.
Polly's ghost hits you!
You die...

#........##.#..........##.###
#........##.#.......#........
#......).##.#.#'###....##.###
#.....)..##.......#....##.#.#
#........#......#.#..>.##..<#
#######..'......#.#.#+#######
####...W..#............
#########.###.#.######
#.....@W....#.#.#
#.#######.#.#.#.# #.#
#.#.#.#.# #.# #...#.#.# #.#
#####.#.####### #.#
..#........ #.# #........ #.#
# #........ #.#
#.#####........


You could see polly's ghost.

Vanquished Creatures
  The ghost of tony the Gusty, an amateur TeAE (D:4)
  Duvessa (D:5)
  An ice beast (D:5)
  2 sky beasts (D:6)
  2 bullfrogs (D:6)
  2 scorpions
  Dowan (D:5)
  3 crimson imps
  A jelly (D:5)
  A quasit (D:6)
  A bullfrog skeleton (D:3)
  2 orc priests
  2 hounds
  A centaur skeleton (D:6)
  4 orc wizards
  Jessica (D:3)
  Natasha (D:3)
  A worker ant (D:4)
  A hound zombie (D:2)
  6 adders
  A shadow imp (D:5)
  2 oozes
  2 adder zombies (D:2)
  An adder skeleton (D:2)
  4 worms
  3 dart slugs
  3 leopard geckos
  7 orcs
  9 bats
  2 bat skeletons (D:2)
  2 bat zombies (D:2)
  3 giant cockroaches
  9 goblins
  4 hobgoblins
  4 jackals (D:3)
  10 kobolds
  A quokka (D:2)
  4 ball pythons
  4 frilled lizards
  A jackal skeleton (D:5)
  7 rats
118 creatures vanquished.

Notes
Turn   | Place    | Note
-------+----------+-------------------------------------------
     0 | D:1      | polly the Gargoyle Fighter began the quest for the Orb.
     0 | D:1      | Reached XP level 1. HP: 14/14 MP: 1/1
    70 | D:1      | Reached XP level 2. HP: 15/19 MP: 2/2
   277 | D:1      | Reached XP level 3. HP: 17/23 MP: 3/3
   808 | D:2      | Reached XP level 4. HP: 28/28 MP: 4/4
  1349 | D:3      | Noticed Natasha
  1356 | D:3      | Killed Natasha
  1356 | D:3      | Reached XP level 5. HP: 6/33 MP: 5/5
  1602 | D:3      | Reached skill level 1 in Dodging
  1714 | D:3      | Noticed Jessica
  1734 | D:3      | Killed Jessica
  1886 | D:3      | Found a snail-covered altar of Cheibriados.
  1886 | D:3      | Found a hazy altar of Hepliaklqana.
  1886 | D:3      | Found a shattered altar of Ashenzari.
  1896 | D:3      | Found a blossoming altar of Fedhas.
  1898 | D:3      | Found a glowing golden altar of the Shining One.
  2141 | D:3      | Reached XP level 6. HP: 18/38 MP: 6/6
  2395 | D:4      | Found an ancient bone altar of Kikubaaqudgha.
  2416 | D:4      | Found a sacrificial altar of Ru.
  2672 | D:4      | Found a sparkling altar of Nemelex Xobeh.
  2756 | D:4      | Noticed tony's ghost (amateur TeAE)
  2773 | D:4      | Killed tony's ghost
  2773 | D:4      | Reached XP level 7. HP: 34/44 MP: 7/7
  3094 | D:5      | Entered Level 5 of the Dungeon
  3116 | D:5      | Found a snail-covered altar of Cheibriados.
  3205 | D:5      | Found Cogetz's Food Shoppe.
  3208 | D:5      | Noticed Dowan
  3210 | D:5      | Noticed Duvessa
  3214 | D:5      | Reached skill level 5 in Maces & Flails
  3221 | D:5      | Killed Dowan
  3256 | D:5      | Killed Duvessa
  3494 | D:5      | Reached skill level 5 in Armour
  3494 | D:5      | Reached skill level 1 in Stealth
  3640 | D:5      | Reached skill level 5 in Fighting
  3640 | D:5      | Reached skill level 5 in Shields
  3647 | D:5      | Reached XP level 8. HP: 5/49 MP: 1/8
  4949 | D:6      | Noticed polly's ghost (novice GrFi)
  5021 | D:6      | HP: 1/50 [polly's ghost (5)]
  5034 | D:6      | Slain by polly's ghost

Vault maps used:
D:1:      lightli_arrival_boilingwater
D:2:      serial_undead, serial_undead_d, serial_undead_c, serial_undead_f,
          serial_undead_e, serial_undead_b, serial_undead_d
D:3:      minitemple, first_bread, uniq_jessica, uniq_natasha
D:4:      nicolae_ru_great_annihilating_truth, overflow_temple_1_default,
          nemelex_spade_bored_becter
D:5:      basic_altar, serial_shops, nicolae_shop_waterfront, minivault_23,
          uniq_duvessa
D:6:      dancing_weapons_uskayaw

Skill      XL: |  1  2  3  4  5  6  7  8 |
---------------+-------------------------+-----
Maces & Flails | 3 4 5 6 |  6.8
Shields        | 4 5 |  5.7
Dodging        | 1 2 |  2.7
Fighting       | 4 5 |  5.5
Armour         | 4 5 6 |  6.0
Stealth        | 1 |  1.0

Action                   |  1- 3 |  4- 6 |  7- 9 || total
-------------------------+-------+-------+-------++-------
Melee: Flail             |   113 |   239 |   324 ||   676
  Use: Potion            |       |       |     9 ||     9
 Stab: Paralysed         |       |     1 |       ||     1
  Eat: Chunk             |       |     6 |     8 ||    14
Armor: Scale mail        |    93 |   128 |   183 ||   404
Dodge: Dodged            |    47 |    85 |   144 ||   276
Block: Shield            |    69 |   125 |   172 ||   366
